 Dungeon Crawl Stone Soup version 0.21.1-1-g345015f (console) character file.

32012 fly the Frost Mage (level 13, -12/77 HPs)
             Began as an Octopode Ice Elementalist on May 7, 2018.
             Was a High Priest of Hepliaklqana.
             Mangled by a polar bear (21 damage)
             ... on level 6 of the Lair of Beasts.
             The game lasted 00:43:03 (13576 turns).

fly the Frost Mage (Octopode Ice Elementalist)     Turns: 13576, Time: 00:43:04

Health: -12/77     AC: 17    Str:  8    XL:     13   Next: 61%
Magic:  0/22       EV: 21    Int: 22    God:    Hepliaklqana [*****.]
Gold:   911        SH:  0    Dex: 15    Spells: 8/24 levels left

rFire    x . .     SeeInvis .   a - +4 glaive (protect)
rCold    + + .     Gourm    .   (shield currently unavailable)
rNeg     + . .     Faith    .   (helmet restricted)
rPois    .         Spirit   .   l - amulet of regeneration
rElec    .         Reflect  .   i - ring of positive energy
rCorr    .         Harm     .   v - ring of ice
MR       .....                  e - ring of protection from cold
Stlth    +++.......             A - +3 ring of dexterity
HPRegen  0.62/turn              (no ring)
MPRegen  0.18/turn              (no ring)
                                (no ring)
                                (no ring)

@: lethally poisoned (-12 -> -12), icy armour, barbed spikes, protection aura,
slow
A: almost no armour, stealthy swim, amphibious, 8 rings, constrict 8, reduced
essence, camouflage 1, gelatinous body 1
a: Recall Ancestor, Ancestor Identity, Transference, Idealise, Renounce Religion


You were on level 6 of the Lair of Beasts.
You worshipped Hepliaklqana.
Hepliaklqana was extremely pleased with you.
You were not hungry.

You visited 3 branches of the dungeon, and saw 15 of its levels.

You collected 911 gold pieces.

Inventory:

Hand Weapons
 a - a +4 glaive of protection (weapon)
Jewellery
 e - a ring of protection from cold (on tentacle)
 h - an uncursed amulet of rage
 i - a ring of positive energy (left tentacle)
 l - an amulet of regeneration (around mantle)
 v - a ring of ice (right tentacle)
 A - a +3 ring of dexterity (on tentacle)
Wands
 c - a wand of disintegration (38)
 t - a wand of random effects (21)
 I - a wand of acid (7)
 J - a wand of scattershot (3)
Scrolls
 d - 2 scrolls of remove curse
 j - 7 scrolls of teleportation
 m - 4 scrolls of enchant weapon {unknown}
 n - 2 scrolls of noise {unknown}
 q - 4 scrolls of amnesia {unknown}
 r - 3 scrolls of fog {unknown}
 w - a scroll of silence
 x - a scroll of magic mapping
 y - 2 scrolls of enchant armour {unknown}
 E - 2 scrolls of immolation
Potions
 f - 3 potions of lignification
 g - 3 potions of cancellation
 k - 4 potions of haste
 o - a potion of berserk rage
 p - 8 potions of heal wounds
 s - 8 potions of curing
 u - a potion of flight
 z - 2 potions of might
 M - a potion of invisibility
Comestibles
 b - 21 rations
 B - 4 chunks of flesh


   Skills:
 - Level 7.0 Fighting
 - Level 12.0 Dodging
 - Level 2.6 Stealth
 - Level 6.0 Spellcasting
 - Level 3.0 Conjurations
 + Level 14.4 Ice Magic
 - Level 7.1 Invocations
 - Level 6.0 Evocations


You had 8 spell levels left.
You knew the following spells:

 Your Spells              Type           Power        Failure   Level  Hunger
c - Ice Form              Ice/Tmut       ######..     4%          4    ###....
f - Ozocubu's Armour      Chrm/Ice       ######..     1%          3    #......
s - Summon Ice Beast      Ice/Summ       ######..     4%          4    ###....
t - Throw Icicle          Conj/Ice       ######..     2%          4    ###....
z - Freeze                Ice            ####         1%          1    None


Dungeon Overview and Level Annotations

Branches:
Dungeon (8/15)             Temple (1/1) D:4            Lair (6/6) D:8
  Swamp (0/4) Lair:2        Snake (0/4) Lair:3        Slime (0/5) Lair:5

Altars:
Ashenzari
Cheibriados
Dithmenos
Elyvilon
Fedhas
Gozag
Hepliaklqana
Kikubaaqudgha
Okawaru
Qazlal
Ru
Sif Muna
Uskayaw
Vehumet
Wu Jian
Yredelemnul
Zin
The Shining One
Jiyva

Shops:
D:4 [   D:5 }   D:6 }   D:8 :


Innate Abilities, Weirdness & Mutations

You cannot wear most types of armour.
You are very stealthy in the water. (Stealth+)
You are amphibious.
You can wear up to eight rings at the same time.
You can use your tentacles to constrict eight enemies at once.
Your skin changes colour to match your surroundings (Stealth+).
Your rubbery body absorbs attacks. (AC +1, EV +1)
Your life essence is reduced to manifest your ancestor. (-10% HP)


Message History

The polar bear closely misses you.
You slash the polar bear!
Your weapon exudes an aura of protection.
The polar bear is almost dead.
You feel sick. The polar bear bites you.
* * * LOW HITPOINT WARNING * * *
The polar bear closely misses you.
The polar bear claws you but does no damage.
The polar bear barely misses you. The polar bear misses you.
The polar bear closely misses you. x2
The polar bear claws you but does no damage. x2
Casting: Freeze
Confirm with . or Enter, or press ? or * to list all spells.
Aiming: Freeze
Press: ? - help, Shift-Dir - straight line, f/p - polar bear
Aim: a polar bear (almost dead, berserk, fast, unusually strong)
You feel a surge of power!
You freeze the polar bear.
The polar bear resists.
The polar bear is almost dead.
You feel sick. The polar bear bites you!!
You die...

≈≈≈≈≈≈≈≈............#
8≈≈#≈##≈..........##
## #≈ #...........##
≈ ≈≈............## ≈
P≈......††...#.# ##
##≈...........# #
#.≈.....#†#..#...
.≈≈..####h#...#.#
....# #..@.....## ...
###.......# .....####
.......# #.......#
.........P
#..)......##
...........


You could see a polar bear (berserk).

Vanquished Creatures
  3 hydras
  A catoblepas (Lair:2)
  A sea snake (Lair:6)
  2 oklob plants (Lair:1)
  A manticore (Lair:6)
  7 elephants
  Joseph (D:8)
  4 spiny frogs
  3 rime drakes
  3 komodo dragons
  A wind drake (Lair:6)
  Prince Ribbit (D:8)
  A polar bear (Lair:5)
  A hornet (Lair:5)
  9 blink frogs
  2 dream sheep (Lair:4)
  2 hippogriffs
  Sigmund (D:3)
  A wyvern (Lair:6)
  8 yaks
  A basilisk (Lair:4)
  2 nagas (Lair:3)
  9 water moccasins
  6 porcupines
  An ice beast (D:8)
  2 sky beasts
  2 centaurs
  5 bullfrogs
  A gnoll sergeant (D:2)
  2 scorpions
  5 killer bees
  3 crimson imps
  3 hounds
  A jelly (D:5)
  A centaur skeleton (D:5)
  2 iguanas (D:7)
  An orc wizard (D:6)
  4 worker ants
  3 hound skeletons
  A worker ant zombie (D:7)
  Robin (D:4)
  5 gnolls
  7 adders
  2 worms
  3 dart slugs
  4 leopard geckos
  21 orcs
  14 bats
  6 giant cockroaches
  16 goblins
  22 hobgoblins
  12 kobolds
  A ball python (D:3)
  A ball python skeleton (D:4)
  5 frilled lizards
  6 rats
234 creatures vanquished.

Vanquished Creatures (collateral kills)
  3 hydras (Lair:2)
  A catoblepas (Lair:2)
  An oklob plant (Lair:1)
  3 elephants (Lair:5)
  4 black mambas
  6 spiny frogs
  A rime drake (Lair:2)
  3 komodo dragons
  3 blink frogs
  5 dream sheep (Lair:4)
  3 hippogriffs
  13 yaks
  A wyvern (Lair:2)
  A basilisk (Lair:5)
  The ghost of p0werm0de the Caller, an amateur DsSu of Makhleb (D:6)
  2 water moccasins (Lair:4)
  A porcupine (Lair:2)
  An orc warrior (D:6)
  A phantom (D:4)
  6 crocodiles
  6 bullfrogs
  2 killer bees
  A howler monkey (D:6)
  A crimson imp (D:7)
  A centaur zombie (D:6)
  Crazy Yiuf (D:7)
  2 hounds
  An orc wizard (D:6)
  A worker ant (D:5)
  A killer bee zombie (D:8)
  A worker ant zombie (D:5)
  A gnoll (D:8)
  2 shadow imps (D:5)
  3 orcs
  A hobgoblin (D:8)
  A frilled lizard (D:5)
  A quokka skeleton (D:8)
  A quokka zombie (D:8)
  A plant (Lair:1)
89 creatures vanquished.

Vanquished Creatures (others)
  20 battlemagi
  2 ancestors
  4 fungi
  3 plants
29 creatures vanquished.

Grand Total: 352 creatures vanquished

Notes
Turn   | Place    | Note
-------+----------+-------------------------------------------
     0 | D:1      | fly the Octopode Ice Elementalist began the quest for the Orb.
     0 | D:1      | Reached XP level 1. HP: 11/11 MP: 3/3
   237 | D:1      | Reached XP level 2. HP: 15/17 MP: 3/5
   430 | D:1      | Reached skill level 4 in Ice Magic
   532 | D:1      | Reached XP level 3. HP: 15/21 MP: 4/6
  1028 | D:2      | Noticed a gnoll sergeant
  1126 | D:2      | Reached XP level 4. HP: 21/27 MP: 1/8
  1132 | D:2      | Learned a level 4 spell: Summon Ice Beast
  1137 | D:2      | Learned a level 4 spell: Throw Icicle
  1609 | D:2      | Found a faded altar of an unknown god.
  1618 | D:2      | Reached XP level 5. HP: 22/31 MP: 3/10
  1714 | D:2      | Learned a level 3 spell: Ozocubu's Armour
  2246 | D:3      | Noticed Sigmund
  2283 | D:3      | Killed Sigmund
  2283 | D:3      | Reached skill level 5 in Ice Magic
  2283 | D:3      | Reached XP level 6. HP: 25/36 MP: 2/12
  2751 | D:4      | Found a staircase to the Ecumenical Temple.
  2800 | D:4      | Noticed Robin
  2823 | D:4      | Killed Robin
  2848 | Temple   | Entered the Ecumenical Temple
  2880 | Temple   | Became a worshipper of Hepliaklqana the Forgotten
  2935 | D:4      | Found an iron altar of Okawaru.
  2942 | D:4      | Reached XP level 7. HP: 31/36 MP: 9/13
  2984 | D:4      | Found Ockir's Armour Emporium.
  3063 | D:4      | Reached skill level 6 in Ice Magic
  3469 | D:5      | Entered Level 5 of the Dungeon
  3469 | D:5      | Reached * piety under Hepliaklqana
  3697 | D:5      | Found a white marble altar of Elyvilon.
  3831 | D:5      | Found Qecakap's Gadget Shop.
  3934 | D:5      | Reached XP level 8. HP: 37/41 MP: 10/14
  4223 | D:5      | Found a glowing golden altar of the Shining One.
  4251 | D:6      | Noticed p0werm0de's ghost (amateur DsSu)
  4273 | D:5      | Reached skill level 5 in Dodging
  4337 | D:6      | Killed p0werm0de's ghost
  4414 | D:6      | Reached skill level 1 in Fighting
  4466 | D:6      | Found Vaetzim's Gadget Boutique.
  4732 | D:6      | Reached skill level 7 in Ice Magic
  4842 | D:7      | Found an opulent altar of Gozag.
  5039 | D:7      | Reached ** piety under Hepliaklqana
  5040 | D:7      | Remembered your ancestor swim as a battlemage
  5088 | D:7      | Reached skill level 8 in Ice Magic
  5088 | D:7      | Reached XP level 9. HP: 32/50 MP: 12/15
  5163 | D:7      | Found an ornate altar of the Wu Jian Council.
  5252 | D:7      | Found a runed door.
  5259 | D:7      | Noticed Crazy Yiuf
  5270 | D:7      | Killed Crazy Yiuf
  5329 | D:7      | Found a deep blue altar of Sif Muna.
  5459 | D:8      | Reached skill level 9 in Ice Magic
  5545 | D:8      | Found a staircase to the Lair.
  5559 | D:8      | Found a basalt altar of Yredelemnul.
  5561 | D:8      | Found a snail-covered altar of Cheibriados.
  5610 | D:8      | Found Hic Ysyokhle's Book Shoppe.
  5746 | D:8      | Noticed Prince Ribbit
  5752 | D:8      | Killed Prince Ribbit
  5871 | D:8      | Noticed Joseph
  5879 | D:8      | Killed Joseph
  6519 | Lair:1   | Entered Level 1 of the Lair of Beasts
  6547 | Lair:1   | Noticed a spiny frog
  6553 | Lair:1   | Killed a spiny frog
  6553 | Lair:1   | Reached XP level 10. HP: 56/56 MP: 4/16
  6597 | Lair:1   | Noticed a five-headed hydra
  6622 | Lair:1   | Killed a five-headed hydra
  6622 | Lair:1   | Reached skill level 10 in Dodging
  6699 | Lair:1   | Noticed a black mamba
  6726 | Lair:1   | Noticed an oklob plant
  6726 | Lair:1   | Noticed an oklob plant
  6729 | Lair:1   | Killed a black mamba
  6732 | Lair:1   | Noticed an oklob plant
  7743 | Lair:2   | Noticed a spiny frog
  7751 | Lair:2   | Killed a spiny frog
  7751 | Lair:2   | Reached XP level 11. HP: 41/60 MP: 0/17
  7867 | Lair:2   | Learned a level 4 spell: Ice Form
  7884 | Lair:2   | Reached skill level 10 in Ice Magic
  7888 | Lair:2   | Reached *** piety under Hepliaklqana
  7994 | Lair:2   | Noticed a seven-headed hydra
  8001 | Lair:2   | Killed a seven-headed hydra
  8264 | Lair:2   | Found a staircase to the Swamp.
  8269 | Lair:2   | Reached skill level 11 in Ice Magic
  8450 | Lair:2   | Noticed a six-headed hydra
  8451 | Lair:2   | Noticed a catoblepas
  8461 | Lair:2   | Noticed a catoblepas
  8468 | Lair:2   | Killed a catoblepas
  8480 | Lair:2   | Noticed a seven-headed hydra
  8731 | Lair:2   | Killed a catoblepas
  8731 | Lair:2   | Reached skill level 12 in Ice Magic
  8758 | Lair:2   | Killed a six-headed hydra
  8978 | Lair:2   | Killed a seven-headed hydra
  9010 | Lair:2   | Reached skill level 5 in Evocations
  9403 | Lair:1   | Killed an oklob plant
  9444 | Lair:1   | Killed an oklob plant
  9444 | Lair:1   | Reached XP level 12. HP: 47/64 MP: 17/19
  9449 | Lair:1   | HP: 3/64 [acid (11)]
  9750 | Lair:3   | Reached skill level 5 in Spellcasting
  9906 | Lair:3   | Found a staircase to the Snake Pit.
 10178 | Lair:3   | Reached **** piety under Hepliaklqana
 10237 | Lair:3   | Reached skill level 5 in Fighting
 10911 | Lair:4   | Reached skill level 1 in Invocations
 11272 | Lair:4   | Reached skill level 5 in Invocations
 11542 | Lair:4   | Reached ***** piety under Hepliaklqana
 11972 | Lair:5   | Reached XP level 13. HP: 65/77 MP: 12/22
 12429 | Lair:5   | Found a viscous altar of Jiyva.
 12430 | Lair:5   | Found a staircase to the Slime Pits.
 12577 | Lair:5   | Reached skill level 13 in Ice Magic
 13150 | Lair:6   | Entered Level 6 of the Lair of Beasts
 13334 | Lair:5   | Paralysed by a hornet for 3 turns
 13431 | Lair:5   | Reached skill level 14 in Ice Magic
 13576 | Lair:6   | Mangled by a polar bear

Skill      XL: |  1  2  3  4  5  6  7  8  9 10 11 12 13 |
---------------+----------------------------------------+-----
Ice Magic      | 4 5 6 8 9 12 14 | 14.4
Spellcasting   | 3 4 6 |  6.0
Conjurations   | 2 3 |  3.0
Dodging        | 4 6 9 12 | 12.0
Fighting       | 3 7 |  7.0
Evocations     | 5 6 |  6.0
Invocations    | 7 |  7.1
Stealth        | |  2.6

Action                   |  1- 3 |  4- 6 |  7- 9 | 10-12 | 13-15 || total
-------------------------+-------+-------+-------+-------+-------++-------
Melee: Unarmed           |    11 |    13 |       |       |       ||    24
       Constrict         |     5 |    13 |    30 |    13 |     4 ||    65
       Tentacles         |       |     7 |    17 |    13 |    11 ||    48
       Scythe            |       |    37 |    80 |       |       ||   117
       Quarterstaff      |       |       |    74 |    39 |       ||   113
       Glaive            |       |       |       |    66 |    58 ||   124
 Cast: Freeze            |    50 |    71 |    85 |    86 |    57 ||   349
       Ozocubu's Armour  |       |     2 |    10 |    26 |    16 ||    54
       Throw Icicle      |       |       |    12 |    41 |    27 ||    80
       Summon Ice Beast  |       |       |     2 |       |       ||     2
Invok: Ancestor Identity |       |     1 |       |       |       ||     1
       Recall Ancestor   |       |       |     1 |     1 |     2 ||     4
       Ancestor Life: Ba |       |       |     1 |       |       ||     1
Evoke: Wand              |       |       |       |    12 |     7 ||    19
  Use: Scroll            |       |       |    10 |     9 |     3 ||    22
       Potion            |       |       |       |     1 |     3 ||     4
 Stab: Sleeping          |     7 |     9 |    21 |    12 |       ||    49
       Distracted        |       |       |     2 |     1 |       ||     3
  Eat: Chunk             |       |     7 |    15 |    16 |    11 ||    49
       Ration            |       |       |       |     2 |       ||     2
Armor: Skin              |     8 |     7 |    21 |    26 |    54 ||   116
Dodge: Dodged            |    28 |    69 |   189 |   229 |   194 ||   709
